 Dungeon Crawl Stone Soup version 0.31-a0-167-g1c394c0614 (webtiles) character file.

Game seed: 1598147333033971727

501 billz999 the Shooter (level 6, 0/50 HPs)
             Began as a Demonspawn Hunter on June 12, 2023.
             Was an Initiate of Okawaru.
             Killed by divine providence
             ... invoked by an orc priest
              (16 damage)
             ... on level 5 of the Dungeon on June 14, 2023.
             The game lasted 00:10:38 (3427 turns).

billz999 the Shooter (Demonspawn Hunter)            Turns: 3427, Time: 00:10:38

Health: 0/50       AC:  7    Str: 17    XL:     6   Next: 95%
Magic:  6/6        EV: 11    Int: 12    God:    Okawaru [......]
Gold:   149        SH:  0    Dex: 17    Spells: 5/5 levels left

rFire   . . .        a - +0 shortbow
rCold   . . .        (shield currently unavailable)
rNeg    . . .        p - +0 acid dragon scales
rPois   .            i - +1 hat
rElec   .            (no cloak)
rCorr   +            (no gloves)
SInv    .            (no boots)
Will    .....        (no amulet)
Stlth   +            f - +6 ring of strength
HPRegen 0.28/turn    (no ring)
MPRegen 0.10/turn

%: no passive effects
@: no status effects
A: horns 2, ignite blood 1, demonic magic 1
a: Renounce Religion


You were on level 5 of the Dungeon.
You worshipped Okawaru.
Okawaru was noncommittal.
You visited 1 branch of the dungeon, and saw 5 of its levels.

You collected 149 gold pieces.

Inventory:

Hand Weapons
 a - a +0 shortbow (weapon)
 e - a +0 dagger of flaming
Missiles
 r - a throwing net
Armour
 c - a +0 leather armour
 i - a +1 hat (worn)
 p - +0 acid dragon scales (worn)
Jewellery
 f - a +6 ring of strength (left hand)
 t - a ring of protection from fire
Scrolls
 b - a scroll of butterflies
 k - a scroll of revelation {unknown}
 l - a scroll of enchant weapon {unknown}
 m - a scroll of vulnerability {unknown}
 n - 2 scrolls of identify
 o - 2 scrolls of fog {unknown}
Potions
 d - a potion of heal wounds {unknown}
 g - 3 potions of brilliance
 h - 3 potions of curing
 j - 2 potions of enlightenment {unknown}
 q - a potion of berserk rage {unknown}
 s - a potion of invisibility {unknown}


   Skills:
 + Level 4.8 Fighting
 + Level 6.4 Ranged Weapons
 - Level 1.7 Dodging
 - Level 0.8 Stealth


You had 5 spell levels left.
You didn't know any spells.
Your spell library was empty.

Dungeon Overview and Level Annotations

Branches:
Dungeon (5/15)
 Temple: D:4-7

Altars:
Ashenzari
Makhleb
Okawaru
Sif Muna

Shops:
D:2 *


Innate Abilities, Weirdness & Mutations

You have a pair of horns on your head.
Your demonic aura sometimes causes spilled blood to erupt in flames.
Spells you cast may paralyse adjacent enemies.


Message History

The hound attacks as you move away! The hound bites you but does no damage.
You shoot an arrow. The arrow barely misses the hound.
The hound bites you. The hound bites you but does no damage.
You shoot an arrow. The arrow barely misses the hound.
The hound bites you but does no damage. The hound closely misses you.
Fire: a) +0 shortbow
Press: ? - help, Shift-Dir - straight line, f - centaur, p - hound
Aim: a centaur, wielding a +0 shortbow (75% to hit)
You shoot an arrow. The arrow closely misses the hound.
The arrow barely misses the centaur.
You hear a shout!
The hound bites you.
The centaur shoots an arrow.
The arrow hits you.
You hear a shout! 2 orcs come into view.
The hound closely misses you.
An orc priest comes into view. It is wielding a +0 mace.
A scorpion and 2 orcs come into view.
The orc hits you with a +0 falchion. The hound attacks as you move away!
The hound bites you.
A sky beast comes into view.
Found 6 gold pieces.
Found a stone staircase leading down.
The hound bites you.
The orc priest mumbles some strange prayers to Beogh against you.
Beogh smites you!
* * * LOW HITPOINT WARNING * * *
The sky beast flickers out of sight!
Deactivating autopickup; reactivate with Ctrl-A.
The orc attacks as you move away! The orc hits you with a +0 club.
* * * LOW HITPOINT WARNING * * *
Okay, then. 2 orcs come into view.
Found a trident and 2 fizzy green potions.
The hound bites you but does no damage.
It was a potion of curing.
You feel better. The hound bites you but does no damage.
Okay, then.
The hound closely misses you. The hound misses you.
The orc priest invokes the aid of Beogh against you.
Beogh smites you!
You die...

...... ...## #.###
.............# . .#..
..#..............
...##.#.. .......#.#
##..#.....##..#...._.
#...........†.....#.#.
##...$.# #............
#......###.......!....
#..>.@................
##....hc....o..o......
#)........#.........#.
#..!......#.........#.
##......#o#...........
#!.###..#oos........#.
#..#......oo#.......#.
#..........##..##...#.
............#...##..#.


You could see a centaur, a scorpion, a hound, an orc priest and 5 orcs.

Vanquished Creatures
  A kobold brigand (D:4)
  Blork the orc (D:4)
  A scorpion (D:4)
  2 howler monkeys
  An orc priest (D:3)
  Jessica (D:2)
  2 iguanas (D:4)
  3 adders
  2 dart slugs
  4 worms
  6 orcs
  4 endoplasms
  3 giant cockroaches
  10 goblins
  6 hobgoblins
  2 jackals (D:1)
  4 quokkas
  6 ball pythons
  6 bats
  7 frilled lizards
  7 kobolds
  3 rats
82 creatures vanquished.

Notes
Turn   | Place    | Note
-------+----------+-------------------------------------------
     0 | D:1      | billz999 the Demonspawn Hunter began the quest for the Orb.
     0 | D:1      | Reached XP level 1. HP: 16/16 MP: 1/1
   204 | D:1      | Reached skill level 4 in Ranged Weapons
   234 | D:1      | Gained mutation: Spells you cast may paralyse adjacent
                  | enemies. [demonic ancestry]
   234 | D:1      | Reached XP level 2. HP: 22/22 MP: 2/2
   234 | D:1      | Upgraded the game from 0.31-a0-154-g56bf346678 to
                  | 0.31-a0-167-g1c394c0614
   950 | D:2      | Gained mutation: Your demonic aura sometimes causes spilled
                  | blood to erupt in flames. [demonic ancestry]
   950 | D:2      | Reached XP level 3. HP: 27/27 MP: 3/3
   958 | D:2      | Noticed Jessica
   963 | D:2      | Killed Jessica
  1011 | D:2      | Reached skill level 5 in Ranged Weapons
  1076 | D:2      | Found Waug's Assorted Antiques.
  1118 | D:2      | Found a faded altar of an unknown god.
  1150 | D:2      | Gained mutation: You have a pair of small horns on your
                  | head. [demonic ancestry]
  1150 | D:2      | Reached XP level 4. HP: 33/33 MP: 4/4
  1563 | D:3      | Found a shimmering blue altar of Sif Muna.
  1958 | D:3      | Gained mutation: You have a pair of horns on your head.
                  | [demonic ancestry]
  1958 | D:3      | Reached XP level 5. HP: 40/40 MP: 5/5
  2498 | D:4      | Reached skill level 6 in Ranged Weapons
  2498 | D:4      | Reached XP level 6. HP: 41/48 MP: 6/6
  2706 | D:4      | Found a burning altar of Makhleb.
  2706 | D:4      | Found an iron altar of Okawaru.
  2720 | D:4      | Became a worshipper of Warmaster Okawaru
  2997 | D:4      | Noticed Blork the orc
  3222 | D:4      | Killed Blork the orc
  3361 | D:5      | Entered Level 5 of the Dungeon
  3396 | D:5      | Found a broken altar of Ashenzari.
  3421 | D:5      | Noticed a sky beast
  3427 | D:5      | Killed from afar by an orc priest

Illustrated notes

Levels and vault maps discovered:
D:1:      giann_bridges, layout_basic, hangedman_decor_diamond_cutter
D:2:      layout_rooms, shapermc_ecumenical_altar_acropolis, serial_shops,
          nicolae_shop_pleasant_corner_grove, uniq_jessica
D:3:      layout_loops_ring, tgw_sif
D:4:      layout_loops_corners, gammafunk_temple_overflow_pools,
          lexackson_kobold_supper, uniq_blork_the_orc
D:5:      layout_cave_pools, ashenzari_altar_1, uniq_crazy_yiuf_cottage,
          uniq_duvessa

Skill      XL: |  1  2  3  4  5 |
---------------+----------------+-----
Ranged Weapons | 4 5 6 |  6.4
Fighting       | 4 |  4.8
Dodging        | |  1.7
Stealth        | |  0.8

Action                     |  1- 3 |  4- 6 || total
---------------------------+-------+-------++-------
   Fire: Shortbow          |   110 |   211 ||   321
  Evoke: Wand              |       |     5 ||     5
    Use: Scroll            |     1 |     1 ||     2
         Potion            |       |     1 ||     1
 Armour: Leather armour    |    11 |     5 ||    16
         Acid dragon scale |       |    30 ||    30
  Dodge: Dodged            |    29 |    54 ||    83

Table legend: (Time is in decaauts)
 A = Elapsed time spent in this place.
 B = Non-inter-level travel time spent in this place.
 C = Inter-level travel time spent in this place.
 D = Time resting spent in this place.
 E = Time spent auto-exploring this place.
 F = Levels seen in this place.
 G = Mean time per level.
                   A        B        C        D        E       F      G
               +--------+--------+--------+--------+--------+-----+--------+
         Total |   3487 |   3370 |    117 |    102 |   2612 |   5 |  697.4 |
       Dungeon |   3487 |   3370 |    117 |    102 |   2612 |   5 |  697.4 |
               +--------+--------+--------+--------+--------+-----+--------+

Top non-repeatable levels by time:
     D:4: 1179 daAuts
     D:1: 862 daAuts
     D:3: 831 daAuts
     D:2: 547 daAuts
     D:5: 66 daAuts
